[ AOE2 MATCH · #464835909 ]
UnrankedWei vs Saracens
Player's team · WIN
Rival team · LOSS
[ REPLAY ANALYSIS · EXTRACTED FROM THE RECORDED GAME ]
Feudal
9:34
Castle
22:14
Imperial
38:08
| APM avg | 49.4 |
| APM peak | 86 |
| eAPM avg | 22.4 |
| Villagers / military | 112 / 50 |
Focus
⚔️ 30.9% · 🌾 69.1%
Unknown (1944) ×60 · Archer ×36 · Skirmisher ×7 · Scout Cavalry ×6 · Spearman ×1
Feudal
8:57
Castle
23:20
Imperial
—
| APM avg | 56.3 |
| APM peak | 116 |
| eAPM avg | 30.1 |
| Villagers / military | 103 / 109 |
Focus
⚔️ 23.3% · 🌾 76.7%
Skirmisher ×51 · Spearman ×17 · Camel Scout ×17 · Monk ×11 · Scout Cavalry ×8 · Mangonel ×5
Match map
Initial resources + every placement click. Lines = walls · curves = elevation contours. ◆ gold · ⬟ stone · ● berries · ✦ relic · ◌ wall gap
Inputs per minute
— Kaz Porzadeczek - - Maximus
Build order — Kaz Porzadeczek
First 150 of 355 actions detected
| 0:00 | Queue | Villager (Male) |
| 0:00 | Queue | Villager (Male) |
| 0:01 | Build | House |
| 0:02 | Build | House |
| 0:24 | Queue | Villager (Male) |
| 0:34 | Queue | Villager (Male) |
| 0:34 | Queue | Villager (Male) |
| 1:30 | Queue | Villager (Male) |
| 1:47 | Build | Lumber Camp |
| 1:56 | Queue | Villager (Male) |
| 2:25 | Queue | Villager (Male) |
| 2:55 | Queue | Villager (Male) |
| 3:18 | Queue | Villager (Male) |
| 3:28 | Build | House |
| 3:38 | Queue | Villager (Male) |
| 4:05 | Build | Mill |
| 4:20 | Queue | Villager (Male) |
| 4:32 | Queue | Villager (Male) |
| 5:04 | Build | House |
| 5:07 | Queue | Villager (Male) |
| 5:32 | Queue | Villager (Male) |
| 5:58 | Queue | Villager (Male) |
| 6:10 | Build | Palisade Wall |
| 6:24 | Queue | Villager (Male) |
| 6:52 | Queue | Villager (Male) |
| 7:14 | Build | Lumber Camp |
| 7:24 | Research | Feudal Age |
| 8:01 | Build | House |
| 8:12 | Build | Palisade Wall |
| 8:16 | Queue | Villager (Male) |
| 8:43 | Build | Barracks |
| 8:53 | Research | Loom |
| 8:54 | Queue | Villager (Male) |
| 9:34 | Age | Feudal Age |
| 9:41 | Build | Stable |
| 9:43 | Build | Palisade Wall |
| 9:56 | Research | Double-Bit Axe |
| 10:21 | Research | Horse Collar |
| 10:21 | Queue | Villager (Male) |
| 10:34 | Queue | Villager (Male) |
| 10:40 | Queue | Scout Cavalry |
| 10:56 | Build | Farm |
| 10:56 | Build | Farm |
| 11:01 | Build | Farm |
| 11:05 | Queue | Villager (Male) |
| 11:09 | Queue | Scout Cavalry |
| 11:22 | Build | House |
| 11:30 | Queue | Villager (Male) |
| 11:41 | Queue | Scout Cavalry |
| 11:45 | Build | House |
| 11:49 | Build | Farm |
| 11:53 | Build | Farm |
| 11:54 | Build | Farm |
| 12:01 | Queue | Villager (Male) |
| 12:30 | Queue | Villager (Male) |
| 12:33 | Build | Archery Range |
| 12:47 | Queue | Villager (Male) |
| 12:47 | Queue | Scout Cavalry |
| 12:56 | Build | Blacksmith |
| 12:59 | Build | Farm |
| 12:59 | Build | Farm |
| 13:16 | Queue | Villager (Male) |
| 13:35 | Build | Palisade Wall |
| 13:41 | Queue | Villager (Male) |
| 13:42 | Build | Farm |
| 13:44 | Build | Farm |
| 13:44 | Build | Farm |
| 13:46 | Queue | Archer |
| 14:01 | Build | Farm |
| 14:03 | Queue | Villager (Male) |
| 14:27 | Queue | Villager (Male) |
| 14:35 | Build | Mining Camp |
| 14:48 | Queue | Skirmisher |
| 15:07 | Queue | Villager (Male) |
| 15:23 | Queue | Villager (Male) |
| 15:24 | Queue | Skirmisher |
| 15:35 | Research | Padded Archer Armor |
| 15:35 | Research | Fletching |
| 15:52 | Queue | Villager (Male) |
| 15:54 | Queue | Archer |
| 15:59 | Build | House |
| 16:01 | Queue | Villager (Male) |
| 16:03 | Build | House |
| 16:04 | Build | House |
| 16:33 | Queue | Archer |
| 16:47 | Queue | Spearman |
| 16:51 | Queue | Villager (Male) |
| 16:59 | Queue | Scout Cavalry |
| 17:07 | Queue | Archer |
| 17:34 | Queue | Archer |
| 17:35 | Queue | Villager (Male) |
| 17:38 | Build | Farm |
| 17:38 | Build | Farm |
| 17:41 | Build | Farm |
| 17:42 | Build | Farm |
| 17:42 | Build | Farm |
| 17:42 | Build | Farm |
| 17:46 | Build | Market |
| 18:30 | Queue | Villager (Male) |
| 18:31 | Queue | Scout Cavalry |
| 18:33 | Queue | Archer |
| 18:49 | Queue | Villager (Male) |
| 18:54 | Build | Farm |
| 18:54 | Build | Farm |
| 18:54 | Build | Farm |
| 18:55 | Build | Farm |
| 19:12 | Queue | Archer |
| 19:14 | Build | House |
| 19:16 | Build | House |
| 19:34 | Research | Castle Age |
| 19:46 | Queue | Archer |
| 19:55 | Build | Building 804 |
| 20:35 | Build | Stable |
| 20:39 | Build | House |
| 20:40 | Build | House |
| 20:40 | Build | House |
| 20:41 | Build | House |
| 20:43 | Queue | Villager (Male) |
| 21:17 | Research | Bloodlines |
| 21:19 | Research | Wheelbarrow |
| 21:40 | Research | Gold Mining |
| 22:08 | Build | Archery Range |
| 22:10 | Queue | Archer |
| 22:11 | Queue | Archer |
| 22:12 | Queue | Villager (Male) |
| 22:14 | Age | Castle Age |
| 22:22 | Research | Crossbowman (upgrade) |
| 22:24 | Research | Bodkin Arrow |
| 22:37 | Research | Bow Saw |
| 22:41 | Queue | Villager (Male) |
| 22:44 | Queue | Archer |
| 23:12 | Queue | Archer |
| 23:22 | Queue | Archer |
| 23:22 | Queue | Archer |
| 23:29 | Build | Palisade Wall |
| 23:35 | Queue | Archer |
| 23:36 | Queue | Villager (Male) |
| 23:40 | Queue | Archer |
| 23:45 | Queue | Archer |
| 24:04 | Queue | Unit 1944 |
| 24:06 | Queue | Unit 1944 |
| 24:12 | Queue | Archer |
| 24:12 | Queue | Archer |
| 24:16 | Queue | Villager (Male) |
| 24:21 | Build | Town Center |
| 24:30 | Queue | Archer |
| 24:30 | Queue | Archer |
| 24:36 | Queue | Unit 1944 |
| 24:37 | Queue | Unit 1944 |
| 24:39 | Research | Scale Barding Armor |
Build order — Maximus
First 150 of 339 actions detected
| 0:00 | Queue | Villager (Male) |
| 0:00 | Queue | Villager (Male) |
| 0:01 | Queue | Villager (Male) |
| 0:01 | Queue | Villager (Male) |
| 0:03 | Build | House |
| 0:05 | Build | House |
| 1:32 | Queue | Villager (Male) |
| 1:48 | Queue | Villager (Male) |
| 2:21 | Queue | Villager (Male) |
| 2:24 | Build | Lumber Camp |
| 2:54 | Queue | Villager (Male) |
| 2:54 | Queue | Villager (Male) |
| 3:15 | Queue | Villager (Male) |
| 3:15 | Queue | Villager (Male) |
| 3:28 | Build | House |
| 4:10 | Queue | Villager (Male) |
| 4:10 | Queue | Villager (Male) |
| 4:11 | Queue | Villager (Male) |
| 4:55 | Queue | Villager (Male) |
| 5:17 | Build | Mill |
| 5:39 | Queue | Villager (Male) |
| 6:22 | Research | Loom |
| 6:28 | Research | Feudal Age |
| 7:03 | Build | House |
| 7:06 | Build | Palisade Wall |
| 7:06 | Build | Palisade Wall |
| 7:07 | Build | Palisade Wall |
| 7:21 | Queue | Villager (Male) |
| 7:22 | Queue | Villager (Male) |
| 8:08 | Build | Barracks |
| 8:21 | Queue | Villager (Male) |
| 8:45 | Build | House |
| 8:52 | Build | Palisade Wall |
| 8:53 | Build | Palisade Wall |
| 8:57 | Age | Feudal Age |
| 9:02 | Build | Stable |
| 9:19 | Queue | Villager (Male) |
| 9:28 | Build | Palisade Gate |
| 9:33 | Build | Palisade Wall |
| 9:37 | Build | House |
| 9:38 | Build | House |
| 9:42 | Queue | Villager (Male) |
| 9:51 | Build | Mining Camp |
| 9:56 | Queue | Scout Cavalry |
| 9:56 | Queue | Scout Cavalry |
| 10:05 | Build | House |
| 10:06 | Build | House |
| 10:15 | Queue | Scout Cavalry |
| 10:28 | Queue | Spearman |
| 10:34 | Build | Palisade Gate |
| 10:39 | Build | Palisade Wall |
| 10:58 | Queue | Villager (Male) |
| 10:58 | Queue | Villager (Male) |
| 11:07 | Build | Blacksmith |
| 11:15 | Build | Palisade Wall |
| 11:17 | Build | Palisade Wall |
| 11:18 | Build | Palisade Wall |
| 11:21 | Queue | Spearman |
| 11:36 | Queue | Villager (Male) |
| 11:49 | Build | Farm |
| 12:14 | Queue | Villager (Male) |
| 12:14 | Queue | Villager (Male) |
| 12:25 | Queue | Spearman |
| 12:53 | Queue | Villager (Male) |
| 12:53 | Queue | Villager (Male) |
| 13:32 | Build | Farm |
| 13:50 | Queue | Villager (Male) |
| 13:50 | Queue | Villager (Male) |
| 13:50 | Queue | Villager (Male) |
| 14:01 | Queue | Spearman |
| 14:02 | Queue | Spearman |
| 14:02 | Queue | Spearman |
| 14:32 | Build | Palisade Gate |
| 14:34 | Queue | Villager (Male) |
| 14:35 | Queue | Villager (Male) |
| 14:48 | Build | Farm |
| 14:48 | Build | Farm |
| 14:48 | Build | Farm |
| 14:49 | Build | Farm |
| 14:52 | Build | Farm |
| 14:54 | Build | Farm |
| 15:23 | Queue | Villager (Male) |
| 15:23 | Queue | Villager (Male) |
| 15:28 | Build | Farm |
| 15:29 | Build | Farm |
| 15:32 | Build | Farm |
| 15:34 | Build | Farm |
| 15:53 | Queue | Scout Cavalry |
| 16:02 | Build | Farm |
| 16:34 | Queue | Villager (Male) |
| 16:34 | Queue | Villager (Male) |
| 16:42 | Build | Lumber Camp |
| 16:55 | Build | Building 796 |
| 17:01 | Queue | Scout Cavalry |
| 17:01 | Queue | Scout Cavalry |
| 17:03 | Queue | Villager (Male) |
| 17:03 | Queue | Villager (Male) |
| 17:14 | Build | Market |
| 17:29 | Build | Palisade Wall |
| 17:39 | Queue | Scout Cavalry |
| 17:42 | Queue | Villager (Male) |
| 17:42 | Queue | Villager (Male) |
| 17:45 | Build | Farm |
| 17:50 | Build | Farm |
| 17:53 | Build | Farm |
| 17:57 | Build | Farm |
| 18:01 | Build | Farm |
| 18:04 | Build | Farm |
| 18:17 | Queue | Spearman |
| 18:40 | Build | Archery Range |
| 18:54 | Queue | Villager (Male) |
| 18:55 | Queue | Villager (Male) |
| 19:25 | Research | Fletching |
| 19:36 | Queue | Skirmisher |
| 19:36 | Queue | Skirmisher |
| 19:37 | Queue | Skirmisher |
| 19:47 | Build | House |
| 20:02 | Build | House |
| 20:02 | Build | House |
| 20:25 | Build | House |
| 20:40 | Research | Castle Age |
| 21:08 | Queue | Spearman |
| 21:10 | Queue | Skirmisher |
| 21:11 | Queue | Skirmisher |
| 21:15 | Build | Stable |
| 21:30 | Queue | Scout Cavalry |
| 21:55 | Queue | Skirmisher |
| 21:55 | Queue | Skirmisher |
| 22:01 | Research | Forging |
| 22:10 | Queue | Villager (Male) |
| 22:28 | Queue | Skirmisher |
| 22:28 | Queue | Skirmisher |
| 23:08 | Research | Scale Barding Armor |
| 23:10 | Research | Bloodlines |
| 23:20 | Age | Castle Age |
| 23:21 | Queue | Camel Scout |
| 23:22 | Queue | Camel Scout |
| 23:22 | Queue | Camel Scout |
| 23:22 | Queue | Camel Scout |
| 23:22 | Queue | Camel Scout |
| 23:22 | Queue | Camel Scout |
| 23:22 | Queue | Camel Scout |
| 23:27 | Build | Town Center |
| 23:43 | Research | Elite Skirmisher (upgrade) |
| 24:00 | Queue | Villager (Male) |
| 24:00 | Queue | Villager (Male) |
| 24:00 | Queue | Villager (Male) |
| 24:10 | Research | Padded Archer Armor |
| 24:27 | Build | Farm |
| 24:27 | Build | Farm |
Match timeline
| 6:10 | Kaz Porzadeczek · wall_segment Palisade Wall x6 |
| 7:06 | Maximus · wall_segment Palisade Wall x1 |
| 7:06 | Maximus · wall_segment Palisade Wall x1 |
| 7:07 | Maximus · wall_segment Palisade Wall x1 |
| 8:08 | Maximus · first_building Barracks |
| 8:12 | Kaz Porzadeczek · wall_segment Palisade Wall x6 |
| 8:43 | Kaz Porzadeczek · first_building Barracks |
| 8:52 | Maximus · wall_segment Palisade Wall x1 |
| 8:53 | Maximus · wall_segment Palisade Wall x1 |
| 8:57 | Maximus · age_up feudal |
| 9:02 | Maximus · first_building Stable |
| 9:33 | Maximus · wall_segment Palisade Wall x6 |
| 9:34 | Kaz Porzadeczek · age_up feudal |
| 9:41 | Kaz Porzadeczek · first_building Stable |
| 9:43 | Kaz Porzadeczek · wall_segment Palisade Wall x1 |
| 10:39 | Maximus · wall_segment Palisade Wall x2 |
| 11:15 | Maximus · wall_segment Palisade Wall x5 |
| 11:17 | Maximus · wall_segment Palisade Wall x6 |
| 11:18 | Maximus · wall_segment Palisade Wall x6 |
| 12:33 | Kaz Porzadeczek · first_building Archery Range |
| 13:35 | Kaz Porzadeczek · wall_segment Palisade Wall x1 |
| 17:29 | Maximus · wall_segment Palisade Wall x1 |
| 18:40 | Maximus · first_building Archery Range |
| 18:51 | Maximus · first_market_buy 100 food |
| 19:18 | Kaz Porzadeczek · first_market_sell 100 wood |
| 19:22 | Kaz Porzadeczek · first_market_buy 100 food |
| 22:14 | Kaz Porzadeczek · age_up castle |
| 23:15 | Maximus · first_market_sell 100 wood |
| 23:20 | Maximus · age_up castle |
| 23:29 | Kaz Porzadeczek · wall_segment Palisade Wall x1 |
| 25:14 | Maximus · first_building Siege Workshop |
| 27:18 | Kaz Porzadeczek · wall_segment Palisade Wall x1 |
| 28:01 | Maximus · first_building Monastery |
| 33:17 | Kaz Porzadeczek · first_building Monastery |
| 37:09 | Kaz Porzadeczek · first_building Castle |
| 38:08 | Kaz Porzadeczek · age_up imperial |
| 39:18 | Kaz Porzadeczek · first_building Siege Workshop |
| 41:53 | Maximus · resign |
[ AI ANALYSIS · 1 CREDIT ]
What really happened in this match?
Wolo.gg analyzes every decision: build order, eco, micro, common mistakes by bracket. Personalized analysis on WhatsApp or Discord in 30 seconds.
Civ guide
Wei
Perfil
Jugador #24322259